 Dungeon Crawl Stone Soup version 0.30.0-15-g856e2d3f33 (webtiles) character file.

Game seed: 8319863433192861822

22752 Cheops the Tortoise (level 12, -5/91 HPs)
             Began as a Minotaur Fighter on May 19, 2023.
             Was a Follower of Ru.
             Killed from afar by a starcursed mass (6 damage)
             ... with an accursed screaming
             ... on level 2 of the Abyss.
             The game lasted 00:36:12 (11305 turns).

Cheops the Tortoise (Minotaur Fighter)             Turns: 11305, Time: 00:36:13

Health: -5/91      AC: 27    Str: 31    XL:     12   Next: 65%
Magic:  9/9        EV:  8    Int:  2    God:    Ru [*.....]
Gold:   606        SH:  6    Dex:  5    Spells: 11/11 levels left

rFire   + . .        a - +2 flail (heavy)
rCold   . . .        u - +2 buckler {AC+3}
rNeg    . . .        R - +0 plate armour
rPois   +            (helmet restricted)
rElec   +            U - +1 cloak of Fun and Games {Regen+ Str+4 Int-3}
rCorr   .            Z - +0 pair of gloves "Lyte" {rElec SInv Stlth-}
SInv    +            i - +2 pair of boots {Fly}
Will    .....        V - amulet "Xisa" {rPois Regen+} Stlth
                     Y - +4 ring of protection
HPRegen 0.00/turn    C - ring of protection from fire
MPRegen 0.11/turn

%: random rage (9%)
@: sick, flying, unable to read
A: horns 2, low MP 1, inability to train dodging, retaliatory headbutt, [berserk
2], [clumsy 2], [deformed body], [inability to read after injury 2]
a: Renounce Religion, Sacrifice Arcana, Sacrifice an Eye, Sacrifice Experience,
Reject Sacrifices


You were on level 2 of the Abyss.
You worshipped Ru.
Ru was aware of your devotion.
You visited 2 branches of the dungeon, and saw 14 of its levels.
You visited the Abyss 1 time.
You also visited: Gauntlet.

You collected 802 gold pieces.
You spent 196 gold pieces at shops.

Inventory:

Hand Weapons
 a - a +2 heavy flail (weapon)
 j - a +2 flail of holy wrath
 A - a +2 flail of draining
 G - a +0 scimitar of flaming
Armour
 b - a +2 cloak
 i - a +2 pair of boots of flying (worn)
 m - the +2 scale mail of Context {Dex+3}
   (You found it in a Gauntlet)

   Dex:       It affects your dexterity (+3).
 u - a +2 buckler of protection (worn)
 w - a scarf of resistance
 I - +0 acid dragon scales
 R - a +0 plate armour (worn)
 U - the +1 cloak of Fun and Games (worn) {Regen+ Str+4 Int-3}
   (You found it in a Gauntlet)

   Str:       It affects your strength (+4).
   Int:       It affects your intelligence (-3).
   Regen:     It increases your rate of health regeneration.
 W - quicksilver dragon scales
 Z - the +0 pair of gloves "Lyte" (worn) {rElec SInv Stlth-}
   (You found it in a Gauntlet)

   rElec:     It insulates you from electricity.
   SInv:      It lets you see invisible.
   Stlth:     It makes you less stealthy.
Jewellery
 e - a ring of positive energy
 C - a ring of protection from fire (right hand)
 D - a +4 ring of protection
 E - the ring of Balance {rElec Will+ rCorr Str-5 Dex+2}
   (You found it on level 5 of the Dungeon)

   [ring of resist corrosion]

   Str:       It affects your strength (-5).
   Dex:       It affects your dexterity (+2).
   rElec:     It insulates you from electricity.
   rCorr:     It protects you from acid and corrosion.
   Will:      It increases your willpower.
 H - a ring of resist corrosion
 M - a ring of ice
 V - the amulet "Xisa" (around neck) {rPois Regen+}
   (You found it on level 11 of the Dungeon)

   [amulet of regeneration]

   rPois:     It protects you from poison.
   Regen:     It increases your rate of health regeneration.
 X - a ring of fire
 Y - a +4 ring of protection (left hand)
Wands
 c - a wand of paralysis (10)
 h - a wand of roots (3)
 z - a wand of polymorph (17)
 O - a wand of mindburst (7)
 P - a wand of light (9)
Scrolls
 g - a scroll of blinking
 l - a scroll of fog
 q - 5 scrolls of fear
 v - 2 scrolls of immolation
 y - 2 scrolls of summoning
 L - 2 scrolls of vulnerability
 Q - 2 scrolls of teleportation
 S - a scroll of identify
 T - 2 scrolls of enchant weapon
Potions
 d - 4 potions of might
 f - 5 potions of curing
 k - 2 potions of invisibility {unknown}
 n - 3 potions of haste {unknown}
 o - 3 potions of flight
 r - 3 potions of lignification
 s - 2 potions of mutation
 t - 3 potions of attraction {unknown}
 x - 5 potions of resistance {unknown}
 B - 2 potions of magic {unknown}
 F - 2 potions of heal wounds
 K - 2 potions of cancellation {unknown}
 N - a potion of ambrosia
Miscellaneous
 p - a box of beasts


   Skills:
 - Level 3.8 Fighting
 - Level 14.0 Maces & Flails
 + Level 16.5 Armour
 - Level 3.8 Shields
 * Level 10.7 Evocations


You had 11 spell levels left.
You didn't know any spells.
Your spell library contained the following spells:

 Spells                   Type           Power      Damage    Failure   Level
 Magic Dart               Conj           0%         1d3       98%         1
 Shock                    Conj/Air       0%         1d3       98%         1
 Call Imp                 Summ           0%         N/A       99%         2
 Sublimation of Blood     Necr           0%         N/A       99%         2
 Confusing Touch          Hex            0%         N/A       100%        3
 Mephitic Cloud           Conj/Pois/Air  0%         N/A       100%        3
 Stone Arrow              Conj/Erth      0%         3d7       100%        3
 Swiftness                Air            0%         N/A       100%        3
 Airstrike                Air            0%         2d(0-16)  100%        4
 Animate Armour           Summ/Erth      0%         N/A       100%        4
 Petrify                  Tmut/Erth      0%         N/A       100%        4
 Alistair's Intoxication  Tmut/Pois      0%         N/A       100%        5
 Blade Hands              Tmut           0%         N/A       100%        5
 Borgnjor's Vile Clutch   Necr/Erth      0%         N/A       100%        5
 Irradiate                Conj/Tmut      0%         3d11      100%        5
 Summon Mana Viper        Hex/Summ       0%         N/A       100%        5
 Eringya's Noxious Bog    Tmut/Pois      0%         N/A       100%        6
 Iron Shot                Conj/Erth      0%         9d1       100%        6
 Dragon Form              Tmut           0%         N/A       100%        7
 Lehudib's Crystal Spear  Conj/Erth      0%         10d2      100%        8


Dungeon Overview and Level Annotations

Branches:
Dungeon (13/15)            Temple (1/1) D:5            Lair (0/5) D:11
    Orc (0/2) D:12        Gauntlet (visited)
 Vaults: D:13-14

Altars:
Ashenzari
Cheibriados
Dithmenos
Elyvilon
Fedhas
Gozag
Hepliaklqana
Kikubaaqudgha
Makhleb
Nemelex Xobeh
Okawaru
Qazlal
Ru
Sif Muna
Trog
Uskayaw
Vehumet
Wu Jian
Xom
Yredelemnul
Zin
The Shining One

Shops:
D:1 !

Portals:
Trove: D:11 (give +7 demon whip)

Annotations:
D:4 3 runed translucent doors, BlasphemerAmon's ghost, amateur FoCK


Innate Abilities, Weirdness & Mutations

You have a pair of horns on your head.
Your magical capacity is low. (-10% MP)
You cannot train Dodging skill.
You reflexively headbutt those who attack you in melee.
[You have an uncontrollable temper.]
[You are very clumsy. (Dex -4)]
[Armour fits poorly on your strangely shaped body.]
[You sometimes lose the ability to read scrolls when taking damage.]


Message History

The wretched star pulses with an eldritch light!
You occasionally lose the ability to read scrolls when taking damage.
You lose the ability to read scrolls when taking damage more often.
You bludgeon the wretched star!!
You destroy the wretched star!
A starcursed mass comes into view.
A storm dragon skeleton comes into view.
A starcursed mass splits.
A chorus of shrieks assaults your mind.
You feel threatened and lose the ability to read scrolls!
* * * LOW HITPOINT WARNING * * *
A starcursed mass splits.
A starcursed mass splits.
You can read scrolls again.
A chorus of shrieks assaults your mind.
You feel threatened and lose the ability to read scrolls!
* * * LOW HITPOINT WARNING * * *
A chorus of shrieks assaults your mind.
* * * LOW HITPOINT WARNING * * *
A chorus of shrieks assaults your mind.
* * * LOW HITPOINT WARNING * * *
A chorus of shrieks assaults your mind.
* * * LOW HITPOINT WARNING * * *
The starcursed mass shrieks in your mind.
* * * LOW HITPOINT WARNING * * *
A starcursed mass splits.
Okay, then.
Okay, then.
You cannot read scrolls in your current state!
Found a gateway leading deeper into the Abyss.
You can read scrolls again.
A chorus of shrieks assaults your mind.
You feel threatened and lose the ability to read scrolls!
* * * LOW HITPOINT WARNING * * *
A starcursed mass splits.
A starcursed mass splits.
You can read scrolls again.
A deafening chorus of shrieks assaults your mind!
You feel threatened and lose the ability to read scrolls!
You die...

#.. #..#..... ## .
#X...#####.# #X..X
.X#.#...# ##
...###.##XX.#..#.>.
. #...##.........#
#. ##
#.XX#X...#...# .
#...#...X.......#
..#............#
..#..#.#.#@###. #
#.#...###.# . ..
#.## #....# . ##
#.#.### ##.#. . #
.# . ..


You could see 7 starcursed masses.

Vanquished Creatures
  A quicksilver ooze (Gauntlet)
  A deep elf annihilator (D:13)
  A minotaur (Gauntlet)
  An entropy weaver (D:12)
  A hydra (D:13)
  A catoblepas (D:10)
  2 two-headed ogres
  3 boulder beetles
  A wretched star (Abyss:2)
  2 ugly things
  4 cyclopes
  2 manticores
  Maurice (D:10)
  An ancient zyme (Abyss:2)
  Maggie (D:7)
  A komodo dragon (D:13)
  A yaktaur (shapeshifter) (Abyss:2)
  An efreet (D:10)
  Psyche (D:9)
  A hornet (D:9)
  2 trolls
  Grinder (D:5)
  3 slime creatures (D:12)
  7 shadows
  A wyvern (D:8)
  A wraith (D:11)
  8 yaks (D:12)
  A basilisk (D:12)
  A human (D:12)
  3 steam dragons
  4 vampire mosquitoes (D:11)
  A harpy simulacrum (Abyss:2)
  2 wargs (D:12)
  Edmund (D:4)
  3 acid dragons
  2 water moccasins (D:6)
  2 ice beasts
  A meliai simulacrum (D:11)
  6 orc warriors
  3 sky beasts
  An ogre (D:6)
  2 centaurs
  3 kobold brigands
  A phantom (D:4)
  5 bullfrogs
  3 scorpions
  2 gnoll sergeants
  5 wights (D:9)
  9 killer bees
  7 howler monkeys
  An electric eel (D:9)
  9 orc priests
  Crazy Yiuf (D:2)
  A jelly (D:5)
  A quasit (Abyss:2)
  A gnoll bouda (D:9)
  3 hounds
  3 iguanas
  13 orc wizards
  Natasha (thrice) (D:4)
  14 gnolls
  3 adders
  A shadow imp (D:6)
  A white imp (D:8)
  A worm (D:3)
  2 dart slugs
  39 orcs
  8 ball pythons
  5 endoplasms
  5 giant cockroaches
  6 goblins
  9 hobgoblins
  2 jackals (D:5)
  A quokka (D:1)
  5 bats
  7 frilled lizards
  18 kobolds
  7 rats (D:1)
289 creatures vanquished.

Vanquished Creatures (collateral kills)
  A slime creature (D:11)
1 creature vanquished.

Vanquished Creatures (others)
  An ogre mage (D:11)
  An orc knight (D:11)
2 creatures vanquished.

Grand Total: 292 creatures vanquished

Notes
Turn   | Place    | Note
-------+----------+-------------------------------------------
     0 | D:1      | Cheops the Minotaur Fighter began the quest for the Orb.
     0 | D:1      | Reached XP level 1. HP: 19/19 MP: 0/0
    80 | D:1      | Reached XP level 2. HP: 27/27 MP: 1/1
   199 | D:1      | Found Oretag's Distillery.
   212 | D:1      | Reached XP level 3. HP: 33/33 MP: 2/2
   214 | D:1      | Bought a potion of curing for 42 gold pieces
  1021 | D:2      | Found a runed translucent door.
  1022 | D:2      | Noticed Crazy Yiuf
  1344 | D:2      | Killed Crazy Yiuf
  1345 | D:2      | Reached skill level 5 in Maces & Flails
  1345 | D:2      | Reached XP level 4. HP: 12/40 MP: 3/3
  1438 | D:3      | Found a burning altar of Makhleb.
  1439 | D:3      | Found a blossoming altar of Fedhas.
  2527 | D:4      | Noticed a phantom
  2544 | D:4      | Killed a phantom
  2545 | D:4      | Reached XP level 5. HP: 44/46 MP: 4/4
  2575 | D:4      | Noticed Edmund
  2588 | D:4      | Killed Edmund
  2589 | D:4      | Reached XP level 6. HP: 45/52 MP: 5/5
  2708 | D:4      | Noticed a sky beast
  2721 | D:4      | Killed a sky beast
  2753 | D:4      | Found a runed translucent gate.
  2753 | D:4      | Found a runed translucent gate.
  2753 | D:4      | Found a runed translucent gate.
  2753 | D:4      | Noticed BlasphemerAmon's ghost (amateur FoCK)
  2783 | D:4      | Noticed Natasha
  2785 | D:4      | Found a broken altar of Ashenzari.
  2788 | D:4      | Killed Natasha
  2911 | D:4      | Noticed Natasha
  2917 | D:4      | Killed Natasha
  3071 | D:4      | Noticed Natasha
  3078 | D:4      | Killed Natasha
  3079 | D:4      | Reached XP level 7. HP: 55/58 MP: 6/6
  3230 | D:4      | Found a broken altar of Ashenzari.
  3355 | D:4      | Found a runed translucent gate.
  3355 | D:4      | Found a runed translucent gate.
  3355 | D:4      | Found a runed translucent gate.
  3433 | D:5      | Entered Level 5 of the Dungeon
  3519 | D:5      | You fall into a shaft and drop 3 floors!
  3535 | D:8      | Found a shimmering altar of Xom.
  3779 | D:8      | Found a shadowy altar of Dithmenos.
  3843 | D:7      | Reached skill level 10 in Maces & Flails
  3930 | D:7      | Reached XP level 8. HP: 57/66 MP: 7/7
  4319 | D:5      | Identified the ring of Balance {rElec Will+ rCorr Str-5
                  | Dex+2}
  4465 | D:5      | Found a staircase to the Ecumenical Temple.
  4490 | D:5      | Noticed Grinder
  4490 | D:5      | Paralysed by Grinder for 3 turns
  4499 | D:5      | Killed Grinder
  5319 | Temple   | Entered the Ecumenical Temple
  5496 | Temple   | Became a worshipper of Ru the Awakened
  5631 | D:1      | Bought a potion of heal wounds for 70 gold pieces
  5631 | D:1      | Bought a potion of flight for 42 gold pieces
  5631 | D:1      | Bought a potion of lignification for 42 gold pieces
  5779 | D:6      | Reached XP level 9. HP: 65/71 MP: 8/8
  5836 | D:6      | Reached skill level 4 in Armour
  6416 | D:7      | Reached skill level 5 in Armour
  6530 | D:7      | Noticed Maggie
  6536 | D:7      | Killed Maggie
  6537 | D:7      | Reached skill level 6 in Armour
  6586 | D:7      | Reached skill level 7 in Armour
  6987 | D:7      | Identified the +1 ring mail of Plog {rC- Will- Str+6 Dex+3}
  7240 | D:8      | Gained mutation: You cannot train Dodging skill. [Ru
                  | sacrifice]
  7240 | D:8      | Reached * piety under Ru
  7250 | D:8      | Reached skill level 8 in Armour
  7307 | D:8      | Reached skill level 9 in Armour
  7526 | D:9      | Noticed Psyche
  7539 | D:9      | Killed Psyche
  7540 | D:9      | Reached skill level 10 in Armour
  7590 | D:9      | Noticed a troll
  7600 | D:9      | Killed a troll
  7601 | D:9      | Reached XP level 10. HP: 73/78 MP: 9/9
  7614 | D:9      | Reached skill level 11 in Armour
  7721 | D:9      | Noticed a two-headed ogre
  7732 | D:9      | Killed a two-headed ogre
  7733 | D:9      | Reached skill level 12 in Armour
  7934 | D:9      | Found an opulent altar of Gozag.
  7934 | D:9      | Found a white marble altar of Elyvilon.
  8027 | D:10     | Entered Level 10 of the Dungeon
  8043 | D:10     | Noticed Maurice
  8053 | D:10     | Killed Maurice
  8054 | D:10     | Reached skill level 13 in Armour
  8711 | D:11     | Noticed a green ugly thing
  8711 | D:11     | Noticed an orc knight
  8711 | D:11     | Noticed a manticore
  8711 | D:11     | Noticed a catoblepas
  8712 | D:11     | Noticed a cyclops
  8713 | D:11     | Noticed an ogre mage
  8719 | D:11     | Reached skill level 1 in Evocations
  8723 | D:11     | Killed a cyclops
  8726 | D:11     | Paralysed by something for 2 turns
  8727 | D:11     | Killed an orc knight
  8727 | D:11     | Killed an ogre mage
  8728 | D:11     | Reached skill level 14 in Armour
  8737 | D:10     | Killed a green ugly thing
  8822 | D:10     | Reached XP level 11. HP: 51/83 MP: 10/10
  8830 | D:10     | Killed a catoblepas
  8865 | D:11     | Identified the amulet "Xisa" {rPois Regen+}
  8994 | D:11     | Identified the staff of fire "Geuti" {rPois rF+ rN+}
  9024 | D:11     | Noticed a red ugly thing
  9031 | D:11     | Killed a red ugly thing
  9066 | D:11     | Found a staircase to the Lair.
  9089 | D:11     | Noticed a boulder beetle
  9102 | D:11     | Killed a boulder beetle
  9103 | D:11     | Reached skill level 5 in Evocations
  9186 | D:11     | Found a portal to a secret trove of treasure.
  9284 | D:11     | Gained mutation: Your magical capacity is low. (-10% MP)
                  | [Ru sacrifice]
  9568 | D:12     | Reached skill level 15 in Armour
  9676 | D:12     | Noticed a boulder beetle
  9691 | D:12     | Killed a boulder beetle
 10087 | D:12     | Found a staircase to the Orcish Mines.
 10113 | D:12     | Noticed Sonja
 10115 | D:12     | Sonja changed into Sonja the entropy weaver
 10115 | D:12     | Noticed Sonja
 10130 | D:12     | Killed Sonja the entropy weaver
 10297 | D:12     | Reached XP level 12. HP: 80/91 MP: 9/9
 10499 | D:13     | Noticed a boulder beetle
 10514 | D:13     | Killed a boulder beetle
 10521 | D:13     | Noticed a six-headed hydra
 10534 | D:13     | Killed a three-headed hydra
 10620 | D:13     | Found a gate leading to a gauntlet.
 10628 | Gauntlet | Entered a Gauntlet
 10628 | Gauntlet | Found a transporter.
 10631 | Gauntlet | Found a transporter.
 10649 | Gauntlet | Found a transporter.
 10651 | Gauntlet | Found a transporter.
 10671 | Gauntlet | Found a transporter.
 10675 | Gauntlet | Noticed a reaper
 10684 | Gauntlet | Found a transporter.
 10687 | Gauntlet | Noticed a reaper
 10697 | Gauntlet | Found a transporter.
 10700 | Gauntlet | Noticed a quicksilver ooze
 10716 | Gauntlet | Found a transporter.
 10720 | Gauntlet | Found a transporter.
 10728 | Gauntlet | Found a transporter.
 10750 | Gauntlet | Found a transporter.
 10754 | Gauntlet | Found a transporter.
 10788 | Gauntlet | Found a runed translucent door.
 10842 | Gauntlet | Reached skill level 16 in Armour
 10864 | Gauntlet | Identified the +0 pair of gloves "Lyte" {rElec SInv Stlth-}
 10888 | Gauntlet | Killed a quicksilver ooze
 10894 | Gauntlet | Identified the +2 scale mail of Context {Dex+3}
 10919 | Gauntlet | Noticed a minotaur
 10925 | Gauntlet | Killed a minotaur
 10926 | Gauntlet | Reached skill level 10 in Evocations
 10937 | Gauntlet | Got Sif Muna's Quarto of Malediction
 10939 | Gauntlet | Identified the +2 robe of the Iron City of Dis {rC+}
 10973 | Gauntlet | Identified the +1 cloak of Fun and Games {Regen+ Str+4
                  | Int-3}
 11100 | D:13     | Noticed a two-headed ogre
 11107 | D:13     | Killed a two-headed ogre
 11115 | D:13     | Found the +1 cloak of Starlight {*Dazzle EV+4 Stlth--}
 11117 | D:13     | Noticed a deep elf annihilator
 11139 | D:13     | Killed a deep elf annihilator
 11158 | Abyss:2  | Cast into level 2 of the Abyss (a wizard)
 11182 | Abyss:2  | Found a corrupted altar of Lugonu.
 11194 | Abyss:2  | Found a corrupted altar of Lugonu.
 11194 | Abyss:2  | Noticed a starcursed mass
 11206 | Abyss:2  | Found a corrupted altar of Lugonu.
 11281 | Abyss:2  | Noticed a starcursed mass
 11303 | Abyss:2  | HP: 1/91 [starcursed mass/accursed screaming (7)]
 11305 | Abyss:2  | Killed from afar by a starcursed mass

Illustrated notes

Levels and vault maps discovered:
D:1:      dpeg_arrival_lava_temple_mockup, layout_rooms, serial_shops, shop
D:2:      layout_loops_corners, uniq_crazy_yiuf_cottage
D:3:      layout_loops_corners, minitemple
D:4:      layout_rooms, nicolae_overflow_crystal_walls, serial_bayou,
          serial_bayou_lagoon_b, serial_bayou_pond_e, serial_bayou_pond_b,
          serial_bayou_pond_e, ebering_ghost_rock_garden, minmay_misc_feat_rows,
          uniq_edmund, uniq_natasha
D:5:      layout_basic, minmay_temple_entry_junction, st_stairs_6,
          chequers_avenue, uniq_grinder
D:6:      layout_basic, amcnicky_mini_pool_small
D:7:      layout_basic, kennysheep_another_room, hangedman_decor_lopped,
          uniq_maggie
D:8:      minmay_general_purpose_star, layout_basic, overflow_temple_1_default,
          mainiacjoe_overflow_concentric_impassable
D:9:      layout_rooms, nicolae_overflow_two_pavilions,
          kennysheep_generic_room_2, uniq_psyche
D:10:     layout_basic, uniq_maurice
D:11:     minmay_ambush_box, layout_gridville, lair_entry_dummy, enter_trove_1
D:12:     layout_stronghold, erik_orc_4, uniq_sonja
D:13:     cheibrodos_wizards_tower, layout_small_grid,
          ximxim_vaults_locker_room, gauntlet_entry_generic,
          hellmonk_guarded_unrand_seven_league_boots, uniq_frances
Temple:   bh_familiar_temple
Abyss:2:  base: D:4, bh_abyss_exit_spiral, hangedman_abyss_or_decor_passed

Skill      XL: |  1  2  3  4  5  6  7  8  9 10 11 12 |
---------------+-------------------------------------+-----
Maces & Flails | 3 5 6 7 8 11 13 14 | 14.0
Armour         | 10 14 15 16 | 16.5
Evocations     | 3 8 10 | 10.7
Fighting       | |  3.8
Shields        | |  3.8

Action                     |  1- 3 |  4- 6 |  7- 9 | 10-12 || total
---------------------------+-------+-------+-------+-------++-------
  Melee: Flail             |   107 |    90 |   201 |   408 ||   806
         Headbutt          |    14 |     8 |    23 |    77 ||   122
         Scimitar          |       |       |       |     9 ||     9
 Invoke: Sacrifice Nimblen |       |       |     1 |       ||     1
         Sacrifice Essence |       |       |       |     1 ||     1
  Evoke: Wand              |       |       |       |     6 ||     6
         Box of beasts     |       |       |       |     1 ||     1
    Use: Scroll            |       |       |    13 |     6 ||    19
         Potion            |       |       |       |     2 ||     2
   Stab: Petrified         |       |       |       |     6 ||     6
 Armour: Scale mail        |    70 |    38 |    92 |       ||   200
         Acid dragon scale |       |       |    40 |     7 ||    47
         Plate armour      |       |       |       |   309 ||   309
  Dodge: Dodged            |    43 |    33 |    90 |   168 ||   334
  Block: Buckler           |    34 |    17 |    64 |   137 ||   252
